 Dungeon Crawl Stone Soup version 0.31-a0-496-g6f97920a28 (webtiles) character file.

Game seed: 8404902495679365309

16 AstroCodex24 the Covered (level 2, -4/26 HPs)
             Began as a Demigod Fighter on Aug 8, 2023.
             Killed from afar by an electric eel (9 damage)
             ... with a bolt of electricity
             ... on level 3 of the Dungeon.
             The game lasted 00:02:56 (623 turns).

AstroCodex24 the Covered (Demigod Fighter)           Turns: 623, Time: 00:02:57

Health: -4/26      AC:  9    Str: 17    XL:     2   Next: 27%
Magic:  4/4        EV:  9    Int: 10    God:
Gold:   50         SH:  4    Dex: 13    Spells: 1/1 levels left

rFire   . . .        a - +0 war axe
rCold   . . .        c - +0 buckler
rNeg    . . .        b - +0 scale mail
rPois   .            (no helmet)
rElec   .            f - +2 cloak
rCorr   +            (no gloves)
SInv    .            (no boots)
Will    .....        k - amulet of regeneration Stlth
                     n - ring of resist corrosion
HPRegen 1.04/turn    (no ring)
MPRegen 0.09/turn

%: no passive effects
@: no status effects
A: high MP 1, forlorn, divine attributes
a: no special abilities


You were on level 3 of the Dungeon.
You visited 1 branch of the dungeon, and saw 3 of its levels.

You collected 50 gold pieces.

Inventory:

Hand Weapons
 a - a +0 war axe (weapon)
Armour
 b - a +0 scale mail (worn)
 c - a +0 buckler (worn)
 f - a +2 cloak (worn)
Jewellery
 k - an amulet of regeneration (around neck)
 n - a ring of resist corrosion (left hand)
Wands
 p - a wand of flame (24)
Scrolls
 g - a scroll of teleportation {unknown}
 i - a scroll of revelation {unknown}
 l - a scroll of amnesia {unknown}
 m - a scroll of blinking {unknown}
Potions
 d - a potion of might
 e - a potion of attraction {unknown}
 h - a potion of degeneration {unknown}
 j - 3 potions of mutation {unknown}
 o - a potion of lignification {unknown}


   Skills:
 + Level 3.0 Fighting
 + Level 1.9 Axes
 + Level 3.0 Armour
 + Level 2.9 Shields


You had one spell level left.
You didn't know any spells.
Your spell library contained the following spells:

 Spells                   Type           Power      Damage    Failure   Level
 Freeze                   Ice            0%         1d3       85%         1
 Frozen Ramparts          Ice            0%         1d1       99%         3
 Hailstorm                Conj/Ice       0%         3d3       99%         3
 Summon Ice Beast         Ice/Summ       0%         N/A       100%        4
 Simulacrum               Ice/Necr       0%         N/A       100%        6


Dungeon Overview and Level Annotations

Branches:
Dungeon (3/15)

Annotations:
D:3 1 transporter


Innate Abilities, Weirdness & Mutations

You have an increased reservoir of magic. (+10% MP)
You shall have no god before yourself.
Your divine heritage dramatically boosts your attributes as you level up.


Message History

The bat barely misses you.
You miss the bat. The bat barely misses you.
The bat hits you but does no damage. The bat closely misses you.
You see here a metallic yellow potion.
You closely miss the bat. The bat hits you but does no damage.
You slash the bat!
You kill the bat!
Your Fighting skill increases to level 3!
o - a metallic yellow potion
There is a transporter here.
There is a transporter here.
You enter the transporter and appear at another place.
p - a wand of flame (25)
There is a transporter landing site here.
You can't go up here!
You can't go down here!
As you open the door, it creaks loudly!
Aiming: Throw Flame
Press: ? - help, Q - select action Shift-Dir - straight line, f - electric eel
Aim: an electric eel (48% to hit)
The puff of flame misses the electric eel.
The electric eel shoots out a bolt of lightning at you!
The bolt of electricity misses you. The bolt of electricity hits you!
The electric eel is engulfed in a cloud of scalding steam.
The electric eel is engulfed in a cloud of scalding steam.
Aiming: Throw Flame
Press: ? - help, Q - select action Shift-Dir - straight line, p - electric eel
Okay, then.
The electric eel shoots out a bolt of lightning at you!
The bolt of electricity hits you!
There is a transporter landing site here.
The electric eel shoots out a bolt of lightning at you!
The bolt of electricity hits you.
There is a transporter landing site here.
The electric eel shoots out a bolt of lightning at you!
The bolt of electricity hits you.
* * * LOW HITPOINT WARNING * * *
The bolt of electricity hits you!
You die...

........###.####.#.#.............
.........##.#......#.............
..........#(#.###................
.......†#...#.####...............
........# #........#...†.........
........# #..)...................
####....# #....©.....>...........
#....###.#######..............
#........#8.©@8#...###########
#........#P...P#...#
###......###'###...#
#......#S...~#...#
#......#S...~#.....
#......#~S~~~#.....
######.#~~♣~~#....K
#.#~PP~~#...## #.#~~P~~#...#


You could see 3 electric eels and a kobold.

Vanquished Creatures
  A worm (D:2)
  5 endoplasms
  A giant cockroach (D:1)
  A goblin (D:1)
  A hobgoblin (D:1)
  A ball python (D:3)
  A bat (D:3)
  A kobold (D:2)
12 creatures vanquished.

Notes
Turn   | Place    | Note
-------+----------+-------------------------------------------
     0 | D:1      | AstroCodex24 the Demigod Fighter began the quest for the
                  | Orb.
     0 | D:1      | Reached XP level 1. HP: 18/18 MP: 3/3
   307 | D:2      | Reached XP level 2. HP: 18/25 MP: 4/4
   469 | D:3      | Found a transporter.
   525 | D:3      | Noticed an electric eel
   525 | D:3      | Noticed an electric eel
   527 | D:3      | Noticed an electric eel
   531 | D:3      | Found a transporter.
   623 | D:3      | Killed from afar by an electric eel

Illustrated notes

Levels and vault maps discovered:
D:1:      lightli_arrival_chessboard, layout_loops_ring,
          hellmonk_ecumenical_altar_run_dry
D:2:      wander_river, layout_basic, uniq_natasha
D:3:      gammafunk_steamed_eel, layout_basic

Skill      XL: |  1  2 |
---------------+-------+-----
Armour         | 3 |  3.0
Fighting       | 3 |  3.0
Axes           | |  1.9
Shields        | |  2.9

Action                     || total
---------------------------++-------
  Melee: War axe           ||    38
  Evoke: Wand              ||     1
 Armour: Scale mail        ||    18
  Dodge: Dodged            ||    23
  Block: Buckler           ||     3

Table legend: (Time is in decaauts)
 A = Elapsed time spent in this place.
 B = Non-inter-level travel time spent in this place.
 C = Inter-level travel time spent in this place.
 D = Time resting spent in this place.
 E = Time spent auto-exploring this place.
 F = Levels seen in this place.
 G = Mean time per level.
                   A        B        C        D        E       F      G
               +--------+--------+--------+--------+--------+-----+--------+
         Total |    639 |    635 |      4 |      0 |      0 |   3 |  213.0 |
       Dungeon |    639 |    635 |      4 |      0 |      0 |   3 |  213.0 |
               +--------+--------+--------+--------+--------+-----+--------+

Top non-repeatable levels by time:
     D:2: 283 daAuts
     D:1: 199 daAuts
     D:3: 156 daAuts
